 Dungeon Crawl Stone Soup version 0.25.1-11-g244df3a29b (webtiles) character file.

Game seed: 9418380709021522938

28 DeepDeath the Slasher (level 2, 0/24 HPs)
             Began as a Demonspawn Berserker on Jan 22, 2024.
             Was a Follower of Trog.
             Slain by a worker ant (7 damage)
             ... on level 2 of the Dungeon.
             The game lasted 00:03:34 (1237 turns).

DeepDeath the Slasher (Demonspawn Berserker)        Turns: 1237, Time: 00:03:34

Health: 0/24       AC:  3    Str: 17    XL:     2   Next: 96%
Magic:  2/2        EV: 12    Int:  8    God:    Trog [*.....]
Gold:   70         SH:  0    Dex: 12    Spells: 1/1 levels left

rFire    . . .     SeeInvis .   a - +1 falchion
rCold    . . .     Gourm    .   (no shield)
rNeg     . . .     Faith    .   b - +1 animal skin
rPois    .         Spirit   .   (no helmet)
rElec    .         Reflect  .   (no cloak)
rCorr    .         Harm     .   (no gloves)
MR       .....                  (no boots)
Stlth    ++........             (no amulet)
HPRegen  0.08/turn              (no ring)
MPRegen  0.08/turn              (no ring)

@: lethally poisoned (0 -> -3)
A: rot immunity
a: Berserk, Renounce Religion


You were on level 2 of the Dungeon.
You worshipped Trog.
Trog was aware of your devotion.
You were not hungry.

You visited 1 branch of the dungeon, and saw 2 of its levels.

You collected 70 gold pieces.

Inventory:

Hand Weapons
 a - a +1 falchion (weapon)
 e - a +1 short sword of draining
Missiles
 f - 30 stones (quivered)
 l - 49 bolts
 n - 26 arrows
Armour
 b - a +1 animal skin (worn)
Scrolls
 h - 2 scrolls of teleportation
 m - a scroll of remove curse
Potions
 d - a potion of ambrosia
 i - 3 potions of lignification
 j - a potion of berserk rage {unknown}
 p - a potion of stabbing {unknown}
Comestibles
 c - 4 rations
 g - 2 chunks of flesh


   Skills:
 - Level 3.0 Fighting
 * Level 3.3 Long Blades
 - Level 2.0 Armour
 - Level 2.0 Dodging
 + Level 1.0 Stealth


You had one spell level left.
You didn't know any spells.
Your spell library was empty.

Dungeon Overview and Level Annotations

Branches:
Dungeon (2/15)

Altars:


Innate Abilities, Weirdness & Mutations

You are immune to rotting.


Message History

You hit the worker ant but do no damage.
You feel sick.
The worker ant bites you but does no damage.
You hit the worker ant.
The worker ant is lightly wounded.
The worker ant misses you.
You riposte.
You hit the worker ant.
The worker ant is moderately wounded.
You hit the worker ant.
The worker ant is heavily wounded.
You feel sick. The worker ant barely misses you. The worker ant misses you.
You completely miss the worker ant.
The worker ant is heavily wounded.
The worker ant bites you!
You are too injured to fight recklessly!
You are too injured to fight recklessly!
You are too injured to fight recklessly!
You hit the worker ant but do no damage.
The worker ant is heavily wounded.
You feel sick. The worker ant bites you!
You die...

..#.†...###.........
w.................##......
.............[............
......>.........####......
................# #......
................# ##.....
................# ##....
.......w######### #####
.......Ka@.## ###.
.......###..###########...
......# #........#.......#
...### #......÷..........
.# #........#.......#
##################


You could see a worker ant, a dart slug and a kobold.

Vanquished Creatures
  A dart slug (D:1)
  3 leopard geckos
  4 bats (D:1)
  A giant cockroach (D:1)
  3 goblins (D:1)
  A hobgoblin (D:1)
  4 kobolds
  3 frilled lizards
  2 rats
22 creatures vanquished.

Notes
Turn   | Place    | Note
-------+----------+-------------------------------------------
     0 | D:1      | DeepDeath the Demonspawn Berserker began the quest for the
                  | Orb.
     0 | D:1      | Reached XP level 1. HP: 18/18 MP: 1/1
   222 | D:1      | Gained mutation: You are immune to rotting. [demonic
                  | ancestry]
   222 | D:1      | Reached XP level 2. HP: 14/24 MP: 2/2
   955 | D:2      | Reached skill level 1 in Stealth
  1237 | D:2      | Slain by a worker ant

Illustrated notes

Levels and vault maps discovered:
D:1:      lightli_arrival_farm, layout_loops_ring
D:2:      layout_rooms

Skill      XL: |  1  2 |
---------------+-------+-----
Long Blades    | 3 |  3.3
Armour         | 2 |  2.0
Dodging        | 2 |  2.0
Stealth        | 1 |  1.0
Fighting       | |  3.0

Action                   || total
-------------------------++-------
Melee: Falchion          ||    72
Throw: Stone             ||     1
  Use: Scroll            ||    10
  Eat: Chunk             ||     1
Armor: Animal skin       ||    18
Dodge: Dodged            ||    58
       Rpst.: Falchion   ||    16
